 Dungeon Sprint DCSS version 0.21-a0-286-g6fcecc0 (webtiles) character file.

0 potatolord6000 the Conjurer (level 1, 0/10 HPs)
             Began as a Tengu Conjurer on Sept 27, 2017.
             Was an Initiate of Sif Muna.
             Slain by a gnoll (9 damage)
             ... in the Dungeon (Sprint VII: "The Pits").
             The game lasted 00:00:48 (150 turns).

potatolord6000 the Conjurer (Tengu Conjurer)         Turns: 150, Time: 00:00:49

Health: 0/10       AC:  2    Str:  8    XL:     1   Next: 10%
Magic:  1/4        EV: 13    Int: 15    God:    Sif Muna [......]
Gold:   0          SH:  0    Dex: 14    Spells: 3/4 levels left

rFire    . . .     SeeInvis .   j - +2 quarterstaff
rCold    . . .     Gourm    .   (shield currently unavailable)
rNeg     . . .     Faith    .   a - +0 robe
rPois    .         Spirit   .   (helmet restricted)
rElec    .         Reflect  .   (no cloak)
rCorr    .         Harm     .   (no gloves)
MR       .....     NoTele   +   (boots unavailable)
Stlth    ++........             (no amulet)
HPRegen  0.03/turn              (no ring)
MPRegen  0.09/turn              (no ring)

@: no status effects
A: beak, talons 3
a: Renounce Religion


You were in the Dungeon.
You worshipped Sif Muna.
Sif Muna was noncommittal.
You were not hungry.

You visited 1 branch

Inventory:

Hand Weapons
 j - a +2 quarterstaff (weapon)
Armour
 a - a +0 robe (worn)
Scrolls
 i - a scroll of blinking
 l - 3 scrolls of remove curse
 m - 5 scrolls of amnesia
 n - a scroll of summoning
Potions
 e - a potion of heal wounds
 f - a potion of haste
 g - 4 potions of magic
 h - 3 potions of berserk rage
 k - 2 potions of invisibility
Books
 b - a book of Conjurations

   Spells                             Type                      Level
   a - Magic Dart                     Conjuration                  1
   b - Searing Ray                    Conjuration                  2
   c - Dazzling Spray                 Conjuration/Hexes            3
   d - Fulminant Prism                Conjuration/Hexes            4
   e - Force Lance                    Conjuration/Translocation    4
   f - Iskenderun's Mystic Blast      Conjuration                  4
Comestibles
 c - 8 bread rations
 o - 40 fruits
 p - 7 meat rations


   Skills:
 + Level 0.0 Staves
 + Level 2.4 Dodging
 - Level 2.0 Stealth
 + Level 2.2 Spellcasting
 + Level 5.4 Conjurations


You had 3 spell levels left.
You knew the following spells:

 Your Spells              Type           Power        Failure   Level  Hunger
a - Magic Dart            Conj           ###.         2%          1    #......


Dungeon Overview and Level Annotations

Branches:
Dungeon (1/1)

Altars:
Ashenzari
Cheibriados
Dithmenos
Elyvilon
Fedhas
Gozag
Hepliaklqana
Kikubaaqudgha
Makhleb
Nemelex Xobeh
Okawaru
Qazlal
Ru
Sif Muna
Trog
Uskayaw
Vehumet
Wu Jian
Xom
Yredelemnul
Zin
The Shining One
Beogh
Jiyva
Lugonu


Innate Abilities, Weirdness & Mutations

You have a beak for a mouth.
You have claws for feet.


Message History

The gnoll is moderately wounded.
The gnoll misses you.
Unknown command.
You hit the gnoll. You claw the gnoll.
The gnoll is severely wounded.
The gnoll hits you!
Ouch! That really hurt!
* * * LOW HITPOINT WARNING * * *
Unknown command.
You feel better. The gnoll barely misses you.
Casting: Magic Dart
Confirm with . or Enter, or press ? or * to list all spells.
Aiming: Magic Dart
Press: ? - help, Shift-Dir - straight line, f/p - gnoll
Aim: a gnoll (heavily wounded)
The magic dart hits the gnoll.
The gnoll is severely wounded.
The gnoll hits you!
Ouch! That really hurt!
You die...

########### _________.#
_________.#
_______...###########++
##########'##...........
#.?(.')))'.##......#..#.
##########.##...........
#......@....'...........
#+#####g#####......#..#.
#Z# #........... #.#
####'#####++ +.#
#.......# ### #.......#
#.......# #...<...#
#.......#


You could see a gnoll and a bat skeleton.

Vanquished Creatures
  A rat (D)
1 creature vanquished.

Notes
Turn   | Place    | Note
-------+----------+-------------------------------------------
     0 | D        | potatolord6000 the Tengu Conjurer began the quest for the Orb.
     0 | D        | Reached XP level 1. HP: 10/10 MP: 4/4
    30 | D        | Found a bloodstained altar of Trog.
    30 | D        | Found a deep blue altar of Sif Muna.
    30 | D        | Found a viscous altar of Jiyva.
    30 | D        | Found a hazy altar of Hepliaklqana.
    30 | D        | Found an opulent altar of Gozag.
   126 | D        | Found a glowing golden altar of the Shining One.
   126 | D        | Found a glowing silver altar of Zin.
   126 | D        | Found a basalt altar of Yredelemnul.
   126 | D        | Found a shimmering altar of Xom.
   126 | D        | Found an ornate altar of the Wu Jian Council.
   126 | D        | Found a sacrificial altar of Ru.
   126 | D        | Found a stormy altar of Qazlal.
   126 | D        | Found an iron altar of Okawaru.
   126 | D        | Found a sparkling altar of Nemelex Xobeh.
   126 | D        | Found a burning altar of Makhleb.
   126 | D        | Found a blossoming altar of Fedhas.
   126 | D        | Found a white marble altar of Elyvilon.
   126 | D        | Found a shadowy altar of Dithmenos.
   126 | D        | Found a snail-covered altar of Cheibriados.
   129 | D        | Found a radiant altar of Vehumet.
   129 | D        | Found a corrupted altar of Lugonu.
   129 | D        | Found a roughly hewn altar of Beogh.
   130 | D        | Found a hide-covered altar of Uskayaw.
   130 | D        | Found an ancient bone altar of Kikubaaqudgha.
   130 | D        | Found a shattered altar of Ashenzari.
   132 | D        | Became a worshipper of Sif Muna the Loreminder
   150 | D        | Slain by a gnoll

Vault maps used:
D:        pitsprint

Action                   || total
-------------------------++-------
Melee: Quarterstaff      ||     1
       Kick              ||     1
 Cast: Magic Dart        ||     5
  Use: Potion            ||     1
Dodge: Dodged            ||     2

Table legend:
 A = Spawn XP
 B = Non-spawn XP
 C = Spawn XP percentage of total XP
 D = Spawn monster count
 E = Non-spawn monster count
 F = Spawn count percentage of total count
 G = Total turns spent on level
                    A         B        C        D         E        F      G
               +---------+---------+-------+---------+---------+-------+---------
         Total |       0 |       1 |   0.0 |       0 |       1 |   0.0 |   150
               +---------+---------+-------+---------+---------+-------+---------
             D |       0 |       1 |   0.0 |       0 |       1 |   0.0 |   150
               +---------+---------+-------+---------+---------+-------+---------
